cohdb
Replays
Latest Replays
All Replays
Popular Replays
Top Player Replays
Match Explorer
How It Works
Community
CoH3 Stats
Reddit
Sign in to upload your games and track your stats! →
Sign in with Steam
Match 45620887
Unlisted
Match 45620887
Overview
Messages
Build Orders
End
Construct Section Command Post
Royal Engineer Section
Dingo Light Scout Car
Infantry Section
Infantry Section
Royal Engineer Section
Grenade Package
Construct Platoon Command Post
6-pounder Anti-tank Gun Team
Selects Canadian Shock Battlegroup
Selects Offensive Resupply
Selects Canadian Shock Section
Selects Incendiary Munitions
Humber Armored Car
Canadian Shock Section
Infantry Section
Thermidor
hitkidsnotjuuls
T.R. Olvadi
Makros
0
0
Comments
sign in to comment!
No comments posted yet!